 Dungeon Crawl Stone Soup version 0.29.1-13-g9f3cf754e1 (webtiles) character file.

Game seed: 11432695559420077350

84 Jabob the Scratcher (level 4, 0/21 HPs)
             Began as a Felid Monk on Feb 9, 2023.
             Slain by a white imp (2 damage)
             ... summoned by Natasha
             ... on level 2 of the Dungeon.
             The game lasted 00:08:35 (3950 turns).

Jabob the Scratcher (Felid Monk)                    Turns: 3950, Time: 00:08:36

Health: 0/21       AC:  1    Str:  7    XL:     4   Next: 23%
Magic:  3/5        EV: 19    Int: 13    God:
Gold:   119        SH:  0    Dex: 19    Spells: 1/3 levels left
                                        Lives:  0   Deaths: 1

rFire   . . .      SeeInvis +     - Unarmed
rCold   . . .      Faith    .   (shield unavailable)
rNeg    . . .      Spirit   .   (body armour unavailable)
rPois   .          Reflect  .   (helmet unavailable)
rElec   .          Harm     .   (cloak unavailable)
rCorr   .          Rampage  .   (gloves unavailable)
Will    .....                   (boots unavailable)
Stlth   ++........              (no amulet)
HPRegen 0.07/turn               (no ring)
MPRegen 0.09/turn               (no ring)

@: quick
A: very small, claws 1, fangs 3, see invisible, speed 1, shaggy fur 1, stealthy
paws, no weapons or thrown items, no armour, multi-lived
a: no special abilities


You were on level 2 of the Dungeon.
You visited 1 branch of the dungeon, and saw 4 of its levels.

You collected 119 gold pieces.

Inventory:

Wands
 n - a wand of iceblast (5)
Scrolls
 c - a scroll of torment {unknown}
 d - a scroll of brand weapon {unknown}
 e - 5 scrolls of identify {unknown}
 g - a scroll of teleportation {unknown}
 h - a scroll of vulnerability {unknown}
 j - a scroll of amnesia {unknown}
 k - a scroll of fear {unknown}
 l - a scroll of enchant weapon {unknown}
 p - a scroll of noise {unknown}
Potions
 a - a potion of ambrosia
 b - a potion of flight {unknown}
 f - 2 potions of berserk rage {unknown}
 i - 2 potions of might {unknown}
 m - a potion of curing {unknown}
 o - a potion of attraction {unknown}
 q - 2 potions of heal wounds {unknown}


   Skills:
 - Level 3.0 Fighting
 - Level 4.0 Dodging
 - Level 2.6 Stealth
 + Level 5.8 Unarmed Combat
 + Level 0.7 Summonings


You had one spell level left.
You knew the following spells:

 Your Spells              Type           Power      Damage    Failure   Level
a - Call Imp              Summ           1%         N/A       34%         2

Your spell library contained the following spells:

 Spells                   Type           Power      Damage    Failure   Level
 Slow                     Hex            0%         N/A       30%         1
 Call Canine Familiar     Summ           1%         N/A       56%         3
 Confusing Touch          Hex            0%         N/A       67%         3
 Vampiric Draining        Necr           0%         2d6       67%         3
 Fireball                 Conj/Fire      0%         3d3       100%        5
 Starburst                Conj/Fire      0%         6d3       100%        6
 Summon Cactus Giant      Summ           0%         N/A       100%        6
 Ignition                 Fire           0%         3d3       100%        8
 Dragon's Call            Summ           0%         N/A       100%        9


Dungeon Overview and Level Annotations

Branches:
Dungeon (4/15)
 Temple: D:4-7

Altars:

Annotations:
D:2 1 runed translucent door, exclusion: door, Crazy Yiuf, Natasha


Innate Abilities, Weirdness & Mutations

You have sharp claws.
You have razor-sharp teeth.
You have supernaturally acute eyesight. (SInv)
You cover ground quickly. (Speed+)
You are covered in fur. (AC +1)
Your paws help you pounce on unaware monsters.
You are incapable of wielding weapons or throwing items.
You cannot wear armour.
You gain extra lives every three experience levels.


Message History

There is an open door here.
Natasha is nearby!
Natasha hisses angrily.
Natasha casts a spell at you. You resist with some effort. Natasha claws you.
You closely miss Natasha. Your bite misses Natasha.
Natasha stares at you and mumbles some strange words.
The magic dart hits you!
You are too injured to fight recklessly!
You are too injured to fight recklessly!
You are too injured to fight recklessly!
Sorry, you're not good enough to have a special ability.
Sorry, you're not good enough to have a special ability.
Sorry, you're not good enough to have a special ability.
Sorry, you're not good enough to have a special ability.
Casting: Call Imp (quite dangerous; 34% risk of failure)
Confirm with . or Enter, or press ? or * to list all spells.
The spell is quite dangerous to miscast (34% risk of failure)!
Continue anyway?
A beastly little devil appears in a puff of flame.
Natasha mumbles some strange words.
You closely miss Natasha.
Natasha hisses.
Natasha zaps a wand.
The puff of flame misses you.
You scratch Natasha.
Natasha is moderately wounded.
Your crimson imp hits Natasha.
Natasha mumbles some strange words.
You scratch Natasha.
Natasha is severely wounded.
Your crimson imp barely misses Natasha.
The white imp laughs crazily.
The white imp gestures at you. The puff of frost hits you!
* * * LOW HITPOINT WARNING * * *
Natasha completely misses you.
You scratch Natasha.
Natasha is severely wounded.
The white imp hits you.
You die...

#.###....####...##.#
#.#..........#.# #
#.#######......# # ..#
##.##### # #. #### #.#
##.# #.#
#...###########'##
#.#5.......##...##
#...h@5###.#.....##
###.5#.# #........##
#.#.....###.........###
#..................'..
###....###.........###
##.#.# ##.......##
###.# ##.....##
######.# ##...##
#......# ##+##


You could see Natasha (ally target), 2 white imps and a friendly crimson imp
(summoned).

Vanquished Creatures
  Jessica (D:3)
  Natasha (twice) (D:2)
  An adder (D:3)
  4 worms (D:2)
  A dart slug (D:3)
  3 orcs (D:3)
  8 ball pythons
  2 endoplasms
  2 giant cockroaches
  4 goblins
  5 hobgoblins
  4 jackals (D:2)
  6 kobolds
  A quokka (D:3)
  7 bats
  A frilled lizard (D:3)
  2 rats (D:2)
54 creatures vanquished.

Notes
Turn   | Place    | Note
-------+----------+-------------------------------------------
     0 | D:1      | Jabob the Felid Monk began the quest for the Orb.
     0 | D:1      | Reached XP level 1. HP: 10/10 MP: 2/2
   468 | D:1      | Reached XP level 2. HP: 14/14 MP: 3/3
   917 | D:1      | Found a faded altar of an unknown god.
  1287 | D:2      | Reached skill level 4 in Unarmed Combat
  1724 | D:2      | Noticed Natasha
  1727 | D:2      | Noticed a crimson imp
  1736 | D:2      | Noticed a crimson imp
  1740 | D:2      | Noticed a crimson imp
  1740 | D:2      | Killed Natasha
  1741 | D:2      | Reached XP level 3. HP: 4/17 MP: 4/4
  1951 | D:2      | Noticed Natasha
  1960 | D:2      | Killed Natasha
  1961 | D:2      | Reached skill level 5 in Unarmed Combat
  1961 | D:2      | Reached XP level 4. HP: 12/21 MP: 5/5
  2622 | D:3      | Noticed Jessica
  2629 | D:3      | Killed Jessica
  2637 | D:3      | Identified the +6 falchion of Inconvenience {flame, Str+6}
  2908 | D:3      | Got the Book of Accomplices
  2912 | D:3      | Learned a level 2 spell: Call Imp
  3082 | D:4      | Noticed a scorpion
  3213 | D:2      | Reached XP level 5. HP: 24/24 MP: 6/6
  3467 | D:2      | Noticed Natasha
  3473 | D:2      | Slain by Natasha
  3474 | D:2      | Reached XP level 4. HP: 0/21 MP: 5/5
  3804 | D:2      | Found a runed translucent door.
  3805 | D:2      | Noticed Crazy Yiuf
  3950 | D:2      | Slain by a white imp

Illustrated notes

Levels and vault maps discovered:
D:1:      ebering_trefoil_3fold, layout_basic,
          shapermc_ecumenical_altar_notcrosses
D:2:      layout_loops_corners, uniq_natasha, uniq_crazy_yiuf_cottage
D:3:      layout_loops_cross, uniq_jessica
D:4:      layout_loops_ring, dk_noncrumbling_4, uniq_blork_the_orc

Skill      XL: |  1  2  3 |
---------------+----------+-----
Unarmed Combat | 4 5 |  5.8
Fighting       | |  3.0
Dodging        | |  4.0
Stealth        | |  2.6
Summonings     | |  0.7

Action                   |  1- 3 |  4- 6 || total
-------------------------+-------+-------++-------
Melee: Unarmed           |    77 |    76 ||   153
       Bite              |     7 |     5 ||    12
       Punch             |     2 |     2 ||     4
 Cast: Call Imp          |       |     1 ||     1
 Stab: Sleeping          |     5 |     8 ||    13
       Distracted        |       |     1 ||     1
Armor: Skin              |     3 |     2 ||     5
Dodge: Dodged            |    62 |    32 ||    94
